 Dungeon Crawl Stone Soup version 0.32-a0-876-gcfddb08e57 (webtiles) character file.

Game seed: 9447750725611809946

227 Autsider the Magician (level 6, -1/51 (57) HPs)
             Began as an Oni Hedge Wizard on Apr 1, 2024.
             Shot with an arrow by a centaur (13 damage)
             ... on level 5 of the Dungeon.
             The game lasted 00:12:40 (4629 turns).

Autsider the Magician (Oni Hedge Wizard)            Turns: 4629, Time: 00:12:41

HP:   -1/51 (57)    AC:  1    Str: 15    XL:     6   Next: 2%
MP:   10/13         EV: 13    Int: 17    God:
Gold: 198           SH:  0    Dex:  8    Spells: 6/14 levels left

rFire   . . .        a - +0 club
rCold   . . .        (no shield)
rNeg    . . .        (body armour restricted)
rPois   .            c - +0 hat
rElec   .            (no cloak)
rCorr   .            (gloves unavailable)
SInv    .            (boots unavailable)
Will    .....        (no amulet)
Stlth   +            k - +5 ring of evasion
HPRegen 0.28/turn    (no ring)
MPRegen 0.13/turn

%: no passive effects
@: heavily drained
A: large, unfitting armour, horns 1, tough skin 1, double potion healing,
drunken brawling
a: no special abilities


You were on level 5 of the Dungeon.
You visited 1 branch of the dungeon, and saw 5 of its levels.

You collected 198 gold pieces.

Inventory:

Hand Weapons
 a - a +0 club (weapon)
Armour
 c - a +0 hat (worn)
Jewellery
 k - a +5 ring of evasion (left hand)
Scrolls
 b - a scroll of enchant armour {unknown}
 g - a scroll of poison {unknown}
 j - a scroll of enchant weapon {unknown}
Potions
 d - 2 potions of magic
 h - a potion of degeneration {unknown}
 i - a potion of brilliance {unknown}


   Skills:
 + Level 2.1 Fighting
 - Level 1.7 Dodging
 - Level 1.4 Stealth
 + Level 4.7 Spellcasting
 + Level 2.2 Conjurations
 - Level 2.0 Summonings
 + Level 1.8 Translocations
 + Level 1.4 Air Magic
 + Level 1.2 Alchemy


You had 6 spell levels left.
You knew the following spells:

 Your Spells              Type           Power      Damage    Failure   Level
a - Magic Dart            Conj           44%        1d5       6%          1
b - Mephitic Cloud        Conj/Alch/Air  9%         N/A       22%         3
z - Blink                 Tloc           20%        N/A       11%         2
A - Call Imp              Summ           20%        N/A       10%         2

Your spell library contained the following spells:

 Spells                   Type           Power      Damage    Failure   Level
 Slow                     Hex            16%        N/A       14%         1
 Cigotuvi's Dreadful Rot  Necr/Alch/Air  14%        N/A       16%         2
 Inner Flame              Hex/Fire       4%         N/A       41%         3
 Flame Wave               Conj/Fire      7%         2d5       67%         4
 Sticky Flame             Fire/Alch      6%         2d4       75%         4


Dungeon Overview and Level Annotations

Branches:
Dungeon (5/15)
 Temple: D:4-7

Altars:

Annotations:
D:1 exclusion: downstairs
D:2 1 runed translucent door, Crazy Yiuf, Terence
D:3 1 runed translucent door, exclusion: downstairs, Natasha; Xoff's ghost, amateur GrEE
D:5 exclusions: hound and iguana


Innate Abilities, Weirdness & Mutations

You are too large for most types of armour.
You have a pair of small horns on your head.
You have tough skin. (AC +1)
You gain doubled healing and magic from potions.
Whenever you drink a healing potion, you attack all around you.


Message History

The centaur shouts!
The centaur wields a +0 orcbow of draining.
You sense an unholy aura.
The centaur shoots an arrow.
The arrow barely misses you.
The arrow closely misses your cerulean imp.
The centaur shoots an arrow.
The arrow hits you!
You feel drained.
Unknown command.
The centaur shoots an arrow.
The arrow hits your cerulean imp.
The centaur shoots an arrow.
The arrow closely misses your cerulean imp.
The arrow hits you!
* * * LOW HITPOINT WARNING * * *
You feel drained.
* * * LOW HITPOINT WARNING * * *
Your cerulean imp barely misses the centaur.
The centaur shoots an arrow.
The arrow misses your cerulean imp. The arrow misses you.
The centaur shoots an arrow.
The arrow hits you!
* * * LOW HITPOINT WARNING * * *
You feel drained.
* * * LOW HITPOINT WARNING * * *
Your cerulean imp barely misses the centaur.
The centaur shoots an arrow.
The arrow closely misses you.
Casting: Call Imp (safe; 10% risk of failure)
Confirm with . or Enter, or press ? or * to list all spells.
Aiming: Magic Dart (safe; 6% risk of failure)
Press: ? - help, Shift-Dir - straight line, f - centaur
Aim: a centaur, wielding a +0 orcbow of draining (ally target, 100% to hit)
The magic dart hits the centaur.
The centaur is lightly wounded.
Your cerulean imp hits the centaur but does no damage.
Casting: Magic Dart (safe; 6% risk of failure)
Confirm with . or Enter, or press ? or * to list all spells.
Aiming: Magic Dart (safe; 6% risk of failure)
Press: ? - help, Shift-Dir - straight line, f/p - centaur
Aim: a centaur, wielding a +0 orcbow of draining (lightly wounded, ally target, 100% to hit)
The magic dart hits the centaur but does no damage.
The centaur is lightly wounded.
The centaur shoots an arrow.
The arrow hits you!
You die...

##.....###
#........#
#..###.#.#
#......#.#
#..#...#.# ยง#
#...<....# #
##.
#.####.###.###
#...
#......5......
..$h.
##.###@.c..##
..l...#..#
#######
......'.##
......'.#
#########


You could see a centaur (ally target) and a friendly cerulean imp (summoned).

Vanquished Creatures
  A hound (D:4)
  An iguana (D:4)
  An orc wizard (D:3)
  A gnoll (D:4)
  4 adders
  2 dart slugs
  6 orcs (D:3)
  9 ball pythons
  4 bats (D:1)
  7 endoplasms
  6 giant cockroaches
  8 goblins
  5 hobgoblins
  2 jackals (D:1)
  6 kobolds
  A quokka (D:1)
  4 frilled lizards
  2 rats (D:1)
70 creatures vanquished.

Vanquished Creatures (collateral kills)
  A gnoll (D:4)
  An orc (D:3)
  An endoplasm (D:4)
  A kobold (D:3)
  2 frilled lizards (D:2)
6 creatures vanquished.

Grand Total: 76 creatures vanquished

Notes
Turn   | Place    | Note
-------+----------+-------------------------------------------
     0 | D:1      | Autsider the Oni Hedge Wizard began the quest for the Orb.
     0 | D:1      | Reached XP level 1. HP: 16/16 MP: 5/5
   118 | D:1      | Reached skill level 1 in Conjurations
   118 | D:1      | Reached skill level 1 in Summonings
   118 | D:1      | Reached skill level 1 in Translocations
   209 | D:1      | Found a faded altar of an unknown god.
   293 | D:1      | Reached XP level 2. HP: 20/24 MP: 0/6
   366 | D:1      | Learned a level 2 spell: Call Imp
   605 | D:1      | Reached skill level 4 in Spellcasting
   842 | D:1      | Reached XP level 3. HP: 31/31 MP: 5/8
  1297 | D:1      | Learned a level 2 spell: Blink
  1301 | D:1      | Learned a level 3 spell: Mephitic Cloud
  1686 | D:2      | Noticed Terence
  2157 | D:2      | Reached XP level 4. HP: 31/40 MP: 0/10
  2289 | D:2      | Found a runed translucent door.
  2290 | D:2      | Noticed Crazy Yiuf
  3014 | D:3      | Reached skill level 1 in Fighting
  3120 | D:3      | HP: 1/41 [something/puff of flame (8)]
  3289 | D:3      | Reached skill level 1 in Air Magic
  3289 | D:3      | Reached XP level 5. HP: 44/48 MP: 1/11
  3381 | D:3      | Noticed Natasha
  3411 | D:3      | Found a runed translucent door.
  3411 | D:3      | Noticed Xoff's ghost (amateur GrEE)
  3862 | D:4      | Noticed an ogre
  3924 | D:4      | Reached skill level 1 in Alchemy
  4355 | D:4      | Reached XP level 6. HP: 57/57 MP: 5/13
  4357 | D:4      | Noticed a water moccasin
  4424 | D:5      | Entered Level 5 of the Dungeon
  4629 | D:5      | Shot with an arrow by a centaur

Illustrated notes

Levels and vault maps discovered:
D:1:      orjb1_clovarrival, layout_loops_cross,
          hellmonk_ecumenical_altar_dog_temple, minmay_misc_feat_four_crosses,
          minmay_worlds_worst_comb
D:2:      layout_loops_ring, chequers_serial_rivers_micro_c,
          uniq_crazy_yiuf_cottage, uniq_terence
D:3:      layout_basic, hellmonk_ghost_happy_afterlife, uniq_natasha
D:4:      layout_loops_ring, minmay_misc_feat_room
D:5:      layout_basic, mainiacjoe_overflow_divided_tiny,
          kennysheep_opposing_triangles, uniq_menkaure

Skill      XL: |  1  2  3  4  5 |
---------------+----------------+-----
Conjurations   | 1 2 |  2.2
Summonings     | 1 2 |  2.0
Translocations | 1 |  1.8
Spellcasting   | 4 |  4.7
Fighting       | 1 2 |  2.1
Air Magic      | 1 |  1.4
Alchemy        | 1 |  1.2
Dodging        | |  1.7
Stealth        | |  1.4

Action                     |  1- 3 |  4- 6 || total
---------------------------+-------+-------++-------
  Melee: Unarmed           |    21 |       ||    21
         Headbutt          |     7 |     4 ||    11
         Club              |    36 |    26 ||    62
   Cast: Magic Dart        |   103 |    98 ||   201
         Call Imp          |     6 |    20 ||    26
         Blink             |       |     1 ||     1
    Use: Scroll            |       |     3 ||     3
         Potion            |       |     2 ||     2
 Armour: Skin              |    66 |    56 ||   122
  Dodge: Dodged            |    47 |    39 ||    86

Table legend: (Time is in decaauts)
 A = Elapsed time spent in this place.
 B = Non-inter-level travel time spent in this place.
 C = Inter-level travel time spent in this place.
 D = Time resting spent in this place.
 E = Time spent auto-exploring this place.
 F = Levels seen in this place.
 G = Mean time per level.
                   A        B        C        D        E       F      G
               +--------+--------+--------+--------+--------+-----+--------+
         Total |   4647 |   4510 |    137 |    448 |   3357 |   5 |  929.4 |
       Dungeon |   4647 |   4510 |    137 |    448 |   3357 |   5 |  929.4 |
               +--------+--------+--------+--------+--------+-----+--------+

Top non-repeatable levels by time:
     D:1: 1451 daAuts
     D:2: 1276 daAuts
     D:3: 1205 daAuts
     D:4: 510 daAuts
     D:5: 204 daAuts
